 Dungeon Crawl Stone Soup version 0.30.0-29-ga12c61a403 (webtiles) character file.

Game seed: 6050045033076835034

28 LynnLen the Sneak (level 3, -5/16 HPs)
             Began as a Spriggan Enchanter on June 20, 2023.
             Killed from afar by Natasha (10 damage)
             ... with a magic dart
             ... on level 2 of the Dungeon.
             The game lasted 00:05:39 (1458 turns).

LynnLen the Sneak (Spriggan Enchanter)              Turns: 1458, Time: 00:05:39

Health: -5/16      AC:  2    Str:  4    XL:     3   Next: 0%
Magic:  8/8        EV: 17    Int: 18    God:
Gold:   60         SH:  0    Dex: 15    Spells: 0/8 levels left

rFire   . . .        a - +1 dagger
rCold   + . .        (no shield)
rNeg    . . .        b - +0 robe
rPois   .            (helmet restricted)
rElec   .            (no cloak)
rCorr   .            (gloves unavailable)
SInv    +            (boots unavailable)
Will    .....        (no amulet)
Stlth   +++          l - ring of protection from cold
HPRegen 0.22/turn    (no ring)
MPRegen 0.11/turn

%: no passive effects
@: very quick
A: very small, no large weapons, unfitting armour, see invisible, speed 3
a: no special abilities


You were on level 2 of the Dungeon.
You visited 1 branch of the dungeon, and saw 2 of its levels.

You collected 60 gold pieces.

Inventory:

Hand Weapons
 a - a +1 dagger (weapon)
Missiles
 g - 19 stones (quivered)
Armour
 b - a +0 robe (worn)
Jewellery
 l - a ring of protection from cold (left hand)
Scrolls
 e - a scroll of immolation
 j - a scroll of acquirement {unknown}
 k - a scroll of magic mapping {unknown}
Potions
 c - 3 potions of invisibility
 d - a potion of curing
 f - a potion of resistance


   Skills:
 - Level 1.1 Short Blades
 - Level 2.6 Dodging
 + Level 5.2 Stealth
 + Level 3.1 Spellcasting
 + Level 4.3 Hexes


You couldn't memorise any spells.
You knew the following spells:

 Your Spells              Type           Power      Damage    Failure   Level
a - Ensorcelled Hibernat  Hex/Ice        20%        N/A       10%         2
b - Confusing Touch       Hex            18%        N/A       9%          3
c - Tukima's Dance        Hex            18%        N/A       9%          3

Your spell library contained the following spells:

 Spells                   Type           Power      Damage    Failure   Level
 Dazzling Flash           Conj/Hex       20%        N/A       21%         3


Dungeon Overview and Level Annotations

Branches:
Dungeon (2/15)

Altars:

Annotations:
D:2 Natasha


Innate Abilities, Weirdness & Mutations

You are very small and have problems with some larger weapons.
You are too small for most types of armour.
You have supernaturally acute eyesight. (SInv)
You cover ground extremely quickly. (Speed+++)


Message History

There is a stone staircase leading down here.
You climb downwards.
Found a murky white potion.
There is a stone staircase leading up here.
You climb upwards.
There is a stone staircase leading down here.
There is a stone staircase leading down here.
You climb downwards.
Found 3 stones.
There is a stone staircase leading up here.
You climb upwards.
There is a stone staircase leading down here.
There is a stone staircase leading down here.
You climb downwards.
There is a stone staircase leading up here.
You climb upwards.
There is a stone staircase leading down here.
You climb downwards.
There is a stone staircase leading up here.
As you read the scroll labelled APIADUAKK, it crumbles to dust.
It is a scroll of identify.
d - a potion of curing
As you read the scroll of identify, it crumbles to dust.
e - a scroll of immolation
As you read the scroll of identify, it crumbles to dust.
f - a potion of resistance
As you read the scroll of identify, it crumbles to dust.
h - a scroll of noise
Okay, then.
You drop a scroll of noise.
Natasha, Servant of Life and Death comes into view.
Natasha hisses angrily.
Natasha barely misses you.
You hit Natasha but do no damage. Natasha claws you.
You hit Natasha but do no damage. Natasha claws you.
You miss Natasha.
Natasha stares at you and mumbles some strange words.
The magic dart hits you!
Ouch! That really hurt!
You die...

....#####.##
## . #..# ..#
#.## .#
###.#########
.#
#...........#
.#
###.#.......#
.#
#...#.......#
.#
#...##......#
.#
#....@......#
.#
#....#h.....#
##
#....########
# #....# .
#.....# #
#....##
#..... .....


You could see Natasha.

Vanquished Creatures
  3 bats (D:1)
  4 endoplasms (D:1)
  A giant cockroach (D:1)
  A hobgoblin (D:1)
  5 kobolds (D:1)
  A quokka (D:1)
  3 ball pythons (D:1)
  3 frilled lizards (D:1)
  2 goblins (D:1)
  5 rats (D:1)
28 creatures vanquished.

Notes
Turn   | Place    | Note
-------+----------+-------------------------------------------
     0 | D:1      | LynnLen the Spriggan Enchanter began the quest for the Orb.
     0 | D:1      | Reached XP level 1. HP: 9/9 MP: 5/5
   312 | D:1      | Reached XP level 2. HP: 13/13 MP: 6/6
   765 | D:1      | Reached skill level 5 in Stealth
   819 | D:1      | Learned a level 2 spell: Ensorcelled Hibernation
  1207 | D:1      | Reached XP level 3. HP: 16/16 MP: 8/8
  1291 | D:1      | Learned a level 3 spell: Confusing Touch
  1295 | D:1      | Learned a level 3 spell: Tukima's Dance
  1453 | D:2      | Noticed Natasha
  1458 | D:2      | Killed from afar by Natasha

Illustrated notes

Levels and vault maps discovered:
D:1:      noname_arrival_rooms_in_the_neighbourhood, layout_basic,
          minmay_ruptured
D:2:      layout_rooms, serial_shops, nicolae_shop_waterfront,
          shapermc_ecumenical_altar_gd, uniq_natasha, uniq_sigmund, uniq_terence

Skill      XL: |  1  2 |
---------------+-------+-----
Hexes          | 4 |  4.3
Stealth        | 5 |  5.2
Spellcasting   | 3 |  3.1
Short Blades   | |  1.1
Dodging        | |  2.6

Action                     || total
---------------------------++-------
  Melee: Dagger            ||   111
  Throw: Stone             ||    11
    Use: Scroll            ||     4
   Stab: Sleeping          ||     6
 Armour: Robe              ||    11
  Dodge: Dodged            ||   101
